 Dungeon Crawl Stone Soup version 0.17-a0-1475-g9f81d98 (webtiles) character file.

317026 cutslo the Hoplite (level 22, -21/180 HPs)
             Began as a Formicid Fighter on July 1, 2015.
             Was the Champion of Okawaru.
             Demolished by an Ice Fiend (31 damage)
             ... summoned by a deep elf demonologist
             ... led by an ironheart preserver
             ... on level 4 of the Vaults on July 2, 2015.
             The game lasted 04:32:04 (50177 turns).

cutslo the Hoplite (Formicid Fighter)              Turns: 50177, Time: 04:32:05

Health: -21/180    AC: 34    Str: 36    XL:     22   Next: 36%
Magic:  24/24      EV:  9    Int: 17    God:    Okawaru [******]
Gold:   4803       SH: 29    Dex: 13    Spells: 1 memorised, 19 levels left

rFire  + . .     SeeInvis +     V - +6 dire flail of Gozag's Righteous Fury {holy, rF+ MR+ Stlth+}
rCold  . . .     Clarity  .     X - +1 crystal plate armour
rNeg   . . .     SustAt   .     T - +4 large shield "Ciphoem" {Int+7}
rPois  +         Gourm    .     (helmet unavailable)
rElec  .         Spirit   .     C - +2 cloak
rCorr  .         Warding  .     U - +1 pair of gloves {Str+3}
rMut   .         Stasis   +     w - +0 pair of boots {Fly}
MR     +++..                    G - amulet of regeneration
Stlth  ..........               p - +3 ring of strength
                                I - ring "Neicoyse" {rPois Str+4}

@: flying, heavily drained, extremely resistant to hostile enchantments,
extremely unstealthy
A: permanent stasis, dig shafts and tunnels, four strong arms, antennae 3,
molten scales 1, sense surroundings 1, slow healing 1
a: Dig, Shaft Self, Heroism, Renounce Religion, Stop Flying
}: 2/15 runes: serpentine, barnacled


You were on level 4 of the Vaults.
You worshipped Okawaru.
Okawaru was exalted by your worship.
You were hungry.

You visited 6 branches of the dungeon, and saw 36 of its levels.
You also visited: Labyrinth, Ossuary and Bailey.

You collected 5233 gold pieces.
You spent 430 gold pieces at shops.

Inventory:

Hand weapons
 n - the +8 long sword of Tension {freeze, rPois Dex+4}
   (You bought it in a shop on level 8 of the Dungeon)

   It has been specially enchanted to freeze those struck by it, causing extra
   injury to most foes and up to half again as much damage against particularly
   susceptible opponents.
   It can also slow down cold-blooded creatures.
   It affects your dexterity (+4).
   It protects you from poison.
 t - a +3 blowgun
 P - the +6 double sword of Fortitude {speed, rPois rN+ Str-5}
   (Okawaru gifted it to you on level 8 of the Lair of Beasts)

   Attacks with this weapon are significantly faster.
   It affects your strength (-5).
   It protects you from poison.
   It protects you from negative energy.
 S - the +10 triple sword of the Shining Light {venom, Str+7 Int+4 Dex+4}
   (Okawaru gifted it to you on level 3 of the Vaults)

   It poisons the flesh of those it strikes.
   It affects your strength (+7).
   It affects your intelligence (+4).
   It affects your dexterity (+4).
 V - the +6 dire flail of Gozag's Righteous Fury (weapon) {holy, rF+ MR+ Stlth+}
   (You bought it in a shop on level 9 of the Dungeon)

   It has been blessed by the Shining One to cause great damage to the undead
   and demons.
   It protects you from fire.
   It affects your resistance to hostile enchantments.
   It makes you more stealthy.
Missiles
 i - 8 javelins of penetration (quivered)
 r - 19 curare-tipped needles
Armour
 v - a +1 pair of gloves of archery
 w - a +0 pair of boots of flying (worn)
 C - a +2 cloak (worn)
 D - the cursed +0 leather armour of the Arcane {rElec rC- rN+ Int+2 Stlth+, unknown}
   (You found it on level 3 of the Vaults)

   It affects your intelligence (+2).
   It makes you vulnerable to cold.
   It insulates you from electricity.
   It protects you from negative energy.
   It makes you more stealthy.
   It has a curse placed upon it.
 T - the +4 large shield "Ciphoem" (worn) {Int+7}
   (Okawaru gifted it to you on level 4 of the Snake Pit)

   It affects your intelligence (+7).
 U - a +1 pair of gloves of strength (worn)
 X - a +1 crystal plate armour (worn)
Rods
 a - a +0 rod of ignition (9/9)
   (You found it in a labyrinth)
 g - a cursed +3 iron rod (12/12)
   (You found it on level 2 of the Vaults)
 M - a +4 lightning rod (11/11)
   (You took it off a minotaur in a labyrinth)
Jewellery
 j - an uncursed ring of positive energy
 p - a +3 ring of strength (right hand)
 s - a +3 ring of evasion
 G - an amulet of regeneration (around neck)
 I - the ring "Neicoyse" (left hand) {rPois Str+4}
   (You found it in a labyrinth)

   [ring of poison resistance]

   It affects your strength (+4).
   It protects you from poison.
 O - an uncursed ring of wizardry {unknown}
 W - an uncursed ring of protection from cold
Magical devices
 c - a wand of paralysis (16)
 d - a wand of paralysis (6)
 f - a wand of disintegration (10)
 o - a wand of confusion (29)
 A - a wand of slowing (17)
 N - a wand of invisibility (4)
 Q - a wand of slowing (19)
 Y - a wand of draining (5)
Scrolls
 h - 40 scrolls of identify
 u - 25 scrolls of remove curse
 y - 4 scrolls of magic mapping
 J - a scroll of fear
 Z - 2 scrolls of enchant weapon
Potions
 b - a potion of invisibility
 l - 7 potions of brilliance
 m - 2 potions of agility
 x - 11 potions of lignification
 z - 13 potions of curing
 B - 8 potions of resistance
 E - 3 potions of ambrosia
 H - 2 potions of cancellation
Comestibles
 e - 19 bread rations
 k - 8 meat rations
 q - 2 chunks of flesh
 L - a royal jelly


   Skills:
 + Level 16.8(14.4) Fighting
 * Level 5.3(3.5) Long Blades
   Level 7.8(11.9) Axes
 + Level 18.2(16.2) Maces & Flails
 + Level 1.0(0.0) Throwing
 * Level 18.1(15.6) Armour
 + Level 6.3(4.5) Dodging
 - Level 3.1(1.4) Stealth
 + Level 22.5(19.8) Shields
 + Level 3.9(2.1) Invocations


You had 19 spell levels left.
You knew the following spells:

 Your Spells              Type           Power        Failure   Level  Hunger
a - Shroud of Golubria    Chrm/Tloc      #.........   100%        2    ###....


Dungeon Overview and Level Annotations

Branches:
Dungeon (15/15)            Temple (1/1) D:4            Lair (8/8) D:10
 Shoals (4/4) Lair:6        Snake (4/4) Lair:4        Slime (0/6) Lair:8
    Orc (0/4) D:11         Vaults (4/5) D:14          Crypt (0/3) Vaults:2
 Depths (0/5) D:15

Altars:
Ashenzari
Cheibriados
Dithmenos
Elyvilon
Fedhas
Gozag
Kikubaaqudgha
Makhleb
Nemelex Xobeh
Okawaru
Qazlal
Ru
Sif Muna
Trog
Vehumet
Xom
Yredelemnul
Zin
The Shining One

Shops:
D:5 (   D:8 (   D:9 (   Vaults:1 }   Vaults:2 ***   Vaults:3 %   Vaults:4 !

Annotations:
Shoals:4 1 exclusion


Innate Abilities, Weirdness & Mutations

You are under a permanent stasis effect.
You can dig through walls and to a lower floor.
Your four strong arms can wield two-handed weapons with a shield.
You have a pair of large antennae on your head (SInv).
You are partially covered in molten scales (AC +1).
You passively map a small area around you.
You heal slowly when monsters are visible.


Message History

Things that are here:
12 bolts; an uncursed arbalest The orange demon stings you.
* * * LOW HITPOINT WARNING * * *
You block the orange demon's attack.
Things that are here:
a long sword of electrocution; an elf corpse The deep elf death mage points at you and mumbles some strange words.
The bolt of negative energy hits you!
You feel drained.
* * * LOW HITPOINT WARNING * * *
You block the orange demon's attack.
There is a stone staircase leading up here.
You see here 2 bolts.
You see here 14 poisoned needles.
The smoke demon hits you but does no damage.
You block the smoke demon's attack. x2
The Ice Fiend claws you.
* * * LOW HITPOINT WARNING * * *
The Ice Fiend freezes you!!
You die...

##'#'############################
.................................
.................................
.................................
.................................
)..........>.#########...........
........))...#.......#...........
........[....#.(....(#...........
...(((.[÷)...#.3@....#...........
...####'###..#e1.....#...........
...#....){#..'44e....#..########.
...#.e.[[.#..'*..♣...#..#......#.
...#......#..##♣.∩.♣##..#......#.
...#......#......♣......#......#.
...#......#.............#......#.
...#.{....#..#########..#......#.
#####4########, , , #..#......#.


You could see an Ice Fiend, a deep elf death mage, a deep elf demonologist, an
orange demon, a smoke demon and a red devil.

Vanquished Creatures
  Boris (Vaults:3)
  Vashnia (Snake:4)
  Rupert (Lair:5)
  2 sphinxes
  Gastronok (Lair:2)
  Kirke (Snake:1)
  Roxanne (Shoals:3)
  Ilsuiw (Shoals:3)
  A tengu reaver (Vaults:3)
  8 greater nagas
  2 fire giants
  2 frost giants (Vaults:2)
  Aizul (Snake:2)
  7 vault wardens
  10 ironheart preservers
  3 stone giants
  4 very ugly things (Vaults:3)
  A deep elf demonologist (Vaults:4)
  Nessos (D:13)
  A salamander stormcaller (Vaults:1)
  2 ettins (Vaults:3)
  A deep elf death mage (Vaults:3)
  2 fire dragons (Vaults:1)
  6 merfolk impalers
  8 merfolk javelineers
  A crystal guardian (D:12)
  3 yaktaur captains
  A minotaur (Lab)
  8 vault guards
  A great orb of eyes (Vaults:1)
  The ghost of gilberto the Brawler, a powerful TrMo of Okawaru (D:12)
  The ghost of Lick the Brawler, a powerful TrMo of Okawaru (Lair:1)
  8 hydras
  The ghost of cutslo the Blocker, a powerful FoFi of Okawaru (D:11)
  10 naga warriors
  4 catoblepae
  7 anacondas
  5 merfolk aquamancers
  10 merfolk avatars
  8 centaur warriors
  2 alligator snapping turtles (Shoals:4)
  6 ogre magi
  2 deep troll earth magi
  A deep troll shaman (Vaults:3)
  2 tengu warriors
  23 death yaks
  6 shock serpents
  A queen ant (Lair:3)
  12 naga sharpshooters
  Urug (Lair:1)
  Sonja (Lair:2)
  Nergalle (D:12)
  2 salamander mystics
  2 deep elf knights (Vaults:2)
  A fire crab (Vaults:4)
  6 skeletal warriors
  3 unseen horrors
  11 hill giants
  16 sea snakes
  7 deep trolls
  9 naga ritualists
  14 orc knights
  11 ironbrand convokers
  4 hornets
  14 harpies
  A necromancer (Vaults:3)
  2 wizards
  A wolf spider (shapeshifter) (D:12)
  2 orc sorcerers
  8 mana vipers
  2 wolf spiders
  A stone giant zombie (Vaults:3)
  A deep elf conjurer (Vaults:4)
  11 cyclopes
  16 griffons
  31 ugly things
  A moth of wrath (D:4)
  3 water nymphs
  7 fauns (Shoals:1)
  12 sirens
  A tengu skeleton (Vaults:2)
  2 guardian serpents
  12 salamanders
  6 manticores
  An elephant (shapeshifter) (Vaults:1)
  2 fire giant skeletons (Vaults:2)
  10 elephants
  2 frost giant skeletons (Vaults:2)
  Joseph (D:7)
  2 stone giant skeletons
  An oklob plant (Lair:8)
  8 vault sentinels
  26 black mambas
  5 gargoyles
  A torpor snail (Lair:6)
  3 kobold demonologists (Vaults:2)
  31 naga magi
  2 centaur skeletons
  17 yaktaurs
  An orc skeleton (Vaults:2)
  11 komodo dragons
  A fire drake (Lair:8)
  14 spiny frogs
  4 deep elf priests
  3 freezing wraiths
  A jumping spider (Vaults:3)
  A yaktaur skeleton (Vaults:2)
  3 tengu conjurers
  A wandering mushroom (Lair:7)
  9 trolls
  35 slime creatures
  20 blink frogs
  A boulder beetle (shapeshifter) (D:13)
  27 merfolk
  4 wind drakes
  14 two-headed ogres
  6 boulder beetles
  4 deep elf magi
  7 snapping turtles
  2 wraiths (D:10)
  3 shadows
  6 redbacks
  2 ettin skeletons (Vaults:2)
  8 water elementals
  A trapdoor spider (D:14)
  91 yaks
  A human (D:11)
  2 tarantellas (Vaults:1)
  2 wyverns (D:11)
  6 deep elf fighters
  9 hippogriffs
  A basilisk (D:12)
  2 vampire mosquitoes (Vaults:3)
  3 hungry ghosts
  2 mottled dragons
  16 wolves
  34 nagas
  17 water moccasins
  5 porcupines
  Duvessa (D:7)
  2 deep troll skeletons (Vaults:2)
  34 orc warriors
  20 soldier ants (Lair:3)
  2 necrophages
  18 centaurs
  2 sky beasts
  2 eyes of draining
  4 boggarts
  28 ogres
  A black bear (Lair:3)
  A phantom (D:13)
  23 crocodiles
  A wasp (D:11)
  20 giant frogs
  A big kobold (shapeshifter) (Vaults:3)
  5 big kobolds
  5 human skeletons
  An ogre simulacrum (Vaults:1)
  Dowan (D:7)
  An earth elemental (Lab)
  21 scorpions
  5 wights (D:9)
  7 killer bees
  A quasit (D:7)
  9 crimson imps
  4 electric eels
  A giant frog zombie (D:11)
  14 orc priests
  14 jellies
  A human zombie (Ossuary)
  A giant frog skeleton (D:12)
  5 centaur zombies
  8 hounds
  25 orc wizards
  13 iguanas
  An elf simulacrum (Vaults:2)
  29 worker ants
  22 sheep
  A killer bee zombie (D:8)
  5 big kobold zombies (Ossuary)
  A hound zombie (D:9)
  3 hound skeletons
  2 mummies (Ossuary)
  2 worker ant zombies
  6 gnolls
  36 river rats
  3 scorpion zombies (Ossuary)
  2 shadow imps
  13 adders
  2 oozes
  An adder skeleton (D:4)
  2 adder zombies
  3 worms
  8 giant geckos
  112 orcs
  17 bats
  A bat skeleton (D:8)
  4 giant cockroaches
  A gnoll zombie (Ossuary)
  12 goblins
  14 hobgoblins
  22 jackals
  7 quokkas
  2 ball pythons (D:1)
  3 giant newts
  A goblin zombie (Ossuary)
  A hobgoblin zombie (Ossuary)
  37 kobolds
  2 kobold zombies (Ossuary)
  3 orc zombies (Ossuary)
  14 rats
  7 fungi
  8 plants
1620 creatures vanquished.

Vanquished Creatures (others)
  2 ogre magi (Vaults:1)
  2 naga sharpshooters (Snake:4)
  A shadow wraith (Vaults:1)
  An orc knight (Vaults:3)
  An ironbrand convoker (Vaults:1)
  A cyclops (Vaults:1)
  2 yaktaurs (Vaults:1)
  A human (Snake:1)
  A deep elf fighter (Vaults:2)
  An orc warrior (Vaults:2)
  An ogre (Vaults:1)
  2 orc wizards
  A mummy (Ossuary)
  An orc (Vaults:1)
  A gnoll zombie (Ossuary)
  An orc zombie (Ossuary)
  37 fungi
  24 plants
81 creatures vanquished.

Grand Total: 1701 creatures vanquished

Notes
Turn   | Place    | Note
--------------------------------------------------------------
     0 | D:1      | cutslo the Formicid Fighter began the quest for the Orb.
     0 | D:1      | Reached XP level 1. HP: 18/18 MP: 1/1
   189 | D:1      | Reached XP level 2. HP: 21/24 MP: 2/2
   772 | D:1      | Reached XP level 3. HP: 29/29 MP: 3/3
  1473 | D:2      | Reached skill level 1 in Dodging
  1473 | D:2      | Reached XP level 4. HP: 27/35 MP: 4/4
  1608 | D:2      | Reached skill level 4 in Armour
  1768 | D:3      | Reached XP level 5. HP: 28/42 MP: 5/5
  1886 | D:3      | Reached XP level 6. HP: 24/48 MP: 6/6
  1949 | D:3      | Found a sacrificial altar of Ru.
  2115 | D:3      | Found a shattered altar of Ashenzari.
  2453 | D:4      | Reached skill level 5 in Shields
  2474 | D:4      | Reached XP level 7. HP: 39/54 MP: 7/7
  2507 | D:4      | Found a staircase to the Ecumenical Temple.
  2520 | Temple   | Entered the Ecumenical Temple
  2719 | Temple   | Became a worshipper of Warmaster Okawaru
  2801 | D:4      | Noticed a moth of wrath
  2805 | D:4      | Found a bloodstained altar of Trog.
  2850 | D:4      | Gained mutation: You heal slowly when monsters are visible. [potion of mutation]
  2850 | D:4      | Gained mutation: You are partially covered in molten scales (AC +1). [potion of mutation]
  2850 | D:4      | Gained mutation: You passively map a small area around you. [potion of mutation]
  2858 | D:4      | Killed a moth of wrath
  2858 | D:4      | Acquired Okawaru's first power
  2858 | D:4      | Reached skill level 1 in Maces & Flails
  2858 | D:4      | Reached skill level 1 in Stealth
  2858 | D:4      | Reached skill level 6 in Shields
  2858 | D:4      | Reached XP level 8. HP: 12/61 MP: 8/8
  3236 | D:4      | Found a bloodstained altar of Trog.
  3578 | D:5      | Entered Level 5 of the Dungeon
  3622 | D:5      | Reached skill level 5 in Armour
  3666 | D:5      | Found Dodis's Weapon Boutique.
  3938 | D:5      | HP: 1/61 [scorpion (4)]
  3942 | D:5      | Reached skill level 5 in Fighting
  4388 | D:5      | Reached skill level 7 in Shields
  4817 | D:6      | Reached XP level 9. HP: 62/68 MP: 9/9
  5056 | D:6      | Found a sand-covered staircase.
  5061 | Ossuary  | Entered an ossuary
  5282 | Ossuary  | Reached skill level 5 in Axes
  6060 | Ossuary  | Reached skill level 8 in Shields
  6727 | Ossuary  | Reached skill level 5 in Dodging
  7421 | D:7      | Noticed Duvessa
  7422 | D:7      | Noticed Dowan
  7436 | D:7      | Killed Duvessa
  7436 | D:7      | Reached XP level 10. HP: 62/76 MP: 10/10
  7442 | D:7      | Killed Dowan
  7729 | D:7      | Noticed Joseph
  7761 | D:7      | Killed Joseph
  7920 | D:7      | Found an ancient bone altar of Kikubaaqudgha.
  8008 | D:7      | Found a stormy altar of Qazlal.
  8039 | D:8      | Noticed a gargoyle
  8065 | D:7      | HP: 3/77 [gargoyle/mace (14)]
  8070 | D:7      | Killed a gargoyle
  8209 | D:8      | Found a flagged portal.
  8223 | Bailey   | Entered a bailey
  8434 | Bailey   | Reached skill level 9 in Shields
  8638 | Bailey   | Noticed an orc knight
  8657 | Bailey   | Killed an orc knight
  9291 | D:8      | Reached skill level 1 in Invocations
  9330 | D:8      | Found Gyriusio's Antique Weapon Shop.
  9336 | D:8      | Bought a warped long sword for 178 gold pieces
  9364 | D:8      | Identified the +8 long sword of Tension {freeze, rPois Dex+4} (You bought it in a shop on level 8 of the Dungeon)
  9419 | D:8      | Found a shimmering altar of Xom.
  9700 | D:9      | Reached skill level 1 in Throwing
  9751 | D:9      | Reached skill level 1 in Long Blades
  9761 | D:9      | Reached XP level 11. HP: 37/84 MP: 11/11
  9988 | D:9      | Noticed a hill giant
 10002 | D:9      | Killed a hill giant
 10172 | D:9      | Reached skill level 10 in Shields
 10503 | D:9      | Acquired Okawaru's second power
 10569 | D:9      | Found a shadowy altar of Dithmenos.
 10624 | D:9      | Found Agira's Antique Weapon Shoppe.
 10632 | D:9      | Bought a steaming dire flail for 252 gold pieces
 10632 | D:9      | Identified the +6 dire flail of Gozag's Righteous Fury {holy, rF+ MR+ Stlth+} (You bought it in a shop on level 9 of the Dungeon)
 10698 | D:9      | Found a staircase to the Lair.
 11011 | D:9      | Noticed a centaur warrior
 11023 | D:9      | Killed a centaur warrior
 11243 | D:10     | Entered Level 10 of the Dungeon
 11415 | D:10     | Noticed a hill giant
 11421 | D:10     | Killed a hill giant
 11421 | D:10     | Received a gift from Okawaru
 11470 | D:10     | Noticed a hill giant
 11479 | D:10     | Killed a hill giant
 11481 | D:10     | Noticed a hill giant
 11497 | D:10     | Killed a hill giant
 11813 | D:10     | Noticed a hill giant
 11826 | D:10     | Killed a hill giant
 12025 | D:10     | Reached XP level 12. HP: 94/94 MP: 12/12
 12034 | D:10     | Found a blossoming altar of Fedhas.
 12078 | D:10     | Reached skill level 11 in Shields
 12501 | D:10     | Noticed a hill giant
 12508 | D:10     | Killed a hill giant
 12508 | D:10     | Received a gift from Okawaru
 12520 | D:10     | Reached skill level 5 in Maces & Flails
 12869 | D:10     | Found a staircase to the Lair.
 12945 | Lair:1   | Entered Level 1 of the Lair of Beasts
 13301 | Lair:1   | Noticed Urug
 13363 | Lair:1   | Killed Urug
 13740 | Lair:1   | Noticed Lick's ghost (powerful TrMo)
 13764 | Lair:1   | Killed Lick's ghost
 14208 | Lair:1   | Reached XP level 13. HP: 102/102 MP: 14/14
 14317 | Lair:2   | Noticed Sonja
 14336 | Lair:2   | Killed Sonja
 14336 | Lair:2   | Reached skill level 12 in Shields
 14686 | Lair:2   | Noticed Gastronok
 14703 | Lair:2   | Killed Gastronok
 14703 | Lair:2   | Reached skill level 10 in Fighting
 14703 | Lair:2   | Reached skill level 10 in Armour
 14871 | Lair:2   | Found a burning altar of Makhleb.
 15136 | Lair:2   | Received a gift from Okawaru
 17239 | Lair:4   | Found a labyrinth entrance.
 17384 | Lab      | Entered a labyrinth
 17892 | Lab      | Noticed a minotaur
 17899 | Lab      | Killed a minotaur
 17919 | Lab      | Got a warped wooden ring
 17919 | Lab      | Identified the Grimoire of Attacks and Dislocation (You found it in a labyrinth)
 17928 | Lab      | Got a fine spear
 17932 | Lair:4   | Identified the +1 spear "Hifisaf" {holy, -Tele rElec Int+4} (You found it in a labyrinth)
 17934 | Lair:4   | Identified the ring "Neicoyse" {rPois Str+4} (You found it in a labyrinth)
 18473 | Lair:4   | Found a staircase to the Snake Pit.
 19057 | Lair:5   | Received a gift from Okawaru
 19068 | Lair:5   | Reached XP level 14. HP: 100/113 MP: 15/15
 19168 | Lair:5   | Reached skill level 13 in Shields
 19372 | Lair:5   | Noticed Rupert
 19392 | Lair:5   | Killed Rupert
 19392 | Lair:5   | Reached skill level 10 in Maces & Flails
 20075 | Lair:6   | Found a staircase to the Shoals.
 20736 | Lair:6   | You are sucked into a shaft for 2 floors!
 20736 | Lair:8   | Entered Level 8 of the Lair of Beasts
 20777 | Lair:8   | Received a gift from Okawaru
 20778 | Lair:8   | Got a twisted double sword {god gift}
 20789 | Lair:8   | Identified the +6 double sword of Fortitude {speed, rPois rN+ Str-5} (Okawaru gifted it to you on level 8 of the Lair of Beasts)
 22054 | Lair:6   | Reached XP level 15. HP: 82/120 MP: 17/17
 22331 | Lair:7   | Reached skill level 14 in Shields
 22535 | Lair:7   | Upgraded the game from 0.17-a0-1464-g59a308b to 0.17-a0-1475-g9f81d98
 22563 | Lair:7   | Received a gift from Okawaru
 23027 | Lair:8   | Found a staircase to the Slime Pits.
 23527 | Lair:8   | Received a gift from Okawaru
 24124 | Lair:8   | Reached skill level 15 in Shields
 24342 | Lair:8   | Got a fine spear
 24669 | Lair:8   | Identified the +9 spear "Noanukeq" {pierce, rElec rPois} (You found it on level 8 of the Lair of Beasts)
 24798 | Lair:8   | Reached XP level 16. HP: 104/129 MP: 18/18
 25188 | D:11     | Found a staircase to the Orcish Mines.
 25283 | D:11     | Noticed cutslo's ghost (powerful FoFi)
 25293 | D:11     | Killed cutslo's ghost
 25443 | D:11     | You are sucked into a shaft for 3 floors!
 26610 | D:12     | Noticed gilberto's ghost (powerful TrMo)
 26627 | D:12     | Killed gilberto's ghost
 26983 | D:12     | Received a gift from Okawaru
 27523 | D:12     | Identified the Tome of Translocation
 27586 | D:12     | Noticed Nergalle
 27604 | D:12     | Killed Nergalle
 27797 | Lair:1   | Learned a level 2 spell: Shroud of Golubria
 28200 | D:13     | Reached skill level 16 in Shields
 28350 | D:13     | Noticed Nessos
 28377 | D:13     | Killed Nessos
 29923 | D:14     | Found a gate to the Vaults.
 29930 | D:14     | Received a gift from Okawaru
 30059 | D:15     | Entered Level 15 of the Dungeon
 30076 | D:15     | Found a staircase to the Depths.
 30258 | D:15     | Reached XP level 17. HP: 104/137 MP: 19/19
 30449 | D:15     | Received a gift from Okawaru
 31161 | Snake:1  | Entered Level 1 of the Snake Pit
 32039 | Snake:1  | Noticed Kirke
 32050 | Snake:1  | Killed Kirke
 32234 | Snake:1  | Reached skill level 17 in Shields
 32356 | Snake:2  | Noticed Aizul
 32372 | Snake:2  | Killed Aizul
 32491 | Snake:2  | Received a gift from Okawaru
 32608 | Snake:2  | Reached skill level 15 in Armour
 33813 | Snake:3  | Received a gift from Okawaru
 33814 | Snake:3  | Got a smoking broad axe {god gift}
 33873 | Snake:3  | Identified the +5 broad axe "Faxtal" {elec, *Noise rElec rN++ Str+2} (Okawaru gifted it to you on level 3 of the Snake Pit)
 33952 | Snake:3  | Reached XP level 18. HP: 52/146 MP: 20/20
 34305 | Snake:4  | Entered Level 4 of the Snake Pit
 34743 | Snake:4  | Reached skill level 15 in Maces & Flails
 35003 | Snake:4  | Noticed Vashnia
 35008 | Snake:4  | Received a gift from Okawaru
 35050 | Snake:4  | Killed Vashnia
 35050 | Snake:4  | Reached skill level 18 in Shields
 35700 | Snake:4  | Received a gift from Okawaru
 35713 | Snake:4  | Got a faintly humming large shield {god gift}
 35719 | Snake:4  | Identified the +4 large shield "Ciphoem" {Int+7} (Okawaru gifted it to you on level 4 of the Snake Pit)
 36749 | Snake:4  | Got a serpentine rune of Zot
 37140 | Vaults:1 | Entered Level 1 of the Vaults
 37149 | Vaults:1 | Found Fedghiq's Gadget Shoppe.
 37168 | Vaults:1 | Reached skill level 15 in Fighting
 37226 | Vaults:1 | Reached XP level 19. HP: 107/155 MP: 21/21
 37593 | Vaults:1 | Reached skill level 19 in Shields
 37788 | Vaults:1 | Received a gift from Okawaru
 38867 | Shoals:1 | Entered Level 1 of the Shoals
 39051 | Shoals:1 | Received a gift from Okawaru
 41048 | Shoals:3 | Reached skill level 20 in Shields
 41094 | Shoals:3 | Noticed Ilsuiw
 41140 | Shoals:3 | Killed Ilsuiw
 41140 | Shoals:3 | Received a gift from Okawaru
 41199 | Shoals:3 | Reached XP level 20. HP: 118/163 MP: 22/22
 41222 | Shoals:3 | Noticed Roxanne
 41249 | Shoals:3 | Killed Roxanne
 41732 | Shoals:4 | Entered Level 4 of the Shoals
 42491 | Shoals:4 | Got a shimmering chain mail
 42502 | Shoals:4 | Identified the +8 chain mail "Qetziut" {+Inv MP-9 Int+4 Dex+3} (You found it on level 4 of the Shoals)
 42619 | Shoals:4 | Got a barnacled rune of Zot
 44226 | Vaults:2 | Found Gozag's Assorted Antiques.
 44227 | Vaults:2 | Found Gozag's Assorted Antiques.
 44240 | Vaults:2 | Received a gift from Okawaru
 44254 | Vaults:2 | Found an opulent altar of Gozag.
 44604 | Vaults:1 | Reached skill level 21 in Shields
 44898 | Vaults:2 | Reached XP level 21. HP: 171/171 MP: 23/23
 45167 | Vaults:2 | Received a gift from Okawaru
 45969 | Vaults:2 | Found Gozag's Assorted Antiques.
 46259 | Vaults:2 | Found a staircase to the Crypt.
 47193 | Vaults:3 | Got a scorched leather armour
 48368 | Vaults:3 | Found Ryuvep's Food Shop.
 48812 | Vaults:2 | Reached skill level 22 in Shields
 48831 | Vaults:3 | Received a gift from Okawaru
 48835 | Vaults:3 | Got a steaming triple sword {god gift}
 48836 | Vaults:3 | Identified the +10 triple sword of the Shining Light {venom, Str+7 Int+4 Dex+4} (Okawaru gifted it to you on level 3 of the Vaults)
 48987 | Vaults:4 | Noticed Boris
 48997 | Vaults:3 | HP: 6/172 [Boris/bolt of cold (42)]
 49003 | Vaults:3 | HP: 3/172 [Boris (13)]
 49255 | Vaults:3 | Killed Boris
 49255 | Vaults:3 | Reached XP level 22. HP: 154/180 MP: 24/24
 49656 | Vaults:4 | Found Quuladog's Distillery.
 49962 | Vaults:3 | Reached skill level 5 in Long Blades
 50177 | Vaults:4 | Demolished by an Ice Fiend

Vault maps used:
D:1:      saegor_arrival_miasma, serial_park_tiny_pond
D:2:      st_stairs_13
D:3:      nicolae_ru_awakened_eye, lemuel_doored_altar, first_bread
D:4:      tgw_trog, minmay_temple_entry_large_hall, trog_three_pillars_becter
D:5:      serial_shops, nicolae_shop_waterfront
D:6:      enter_ossuary_5
D:7:      lemuel_coloured_pillars_altar, kennysheep_little_box, uniq_joseph,
          uniq_duvessa
D:8:      lemuel_round_altar, enter_bailey_2, serial_shops,
          nicolae_shop_statue_plus
D:9:      grunt_dithmenos_shadows, due_lair_maze_entry_diamond, serial_shops,
          shop_fountains
D:10:     minmay_goldmine, david_lair_shrubbed, basic_altar
D:11:     hiddenorc2_lemuel, hangedman_stone_soup
D:12:     kennysheep_green_arena, uniq_nergalle
D:13:     uniq_nessos
D:14:     grunt_vaults_entry_fortified, grunt_decor_mini_mirrors,
          lemuel_flame_loot_1
D:15:     grunt_enter_depths_giant_problem, minmay_misc_feat_ornament,
          hangedman_decor_clover_reticule
Temple:   eino_temple_water_12
Lair:1:   st_stairs_7, uniq_urug
Lair:2:   basic_altar, nicolae_quartered_pool_little, st_stairs_6,
          minmay_stone_trees_small, serial_bayou_shore_b, uniq_gastronok,
          uniq_sonja
Lair:3:   minivault_29, serial_bayou_shore_a
Lair:4:   statuecave_lemuel, guppyfry_snake_entry_garden, lab_entry_generic,
          serial_bayou_shore_b
Lair:5:   uniq_rupert
Lair:6:   elwin_shoals_entry_rocks, grunt_megastairs_2
Lair:8:   evilmike_catoblepas_cave, minmay_slime_entry_jelly_boxes
Shoals:3: uniq_ilsuiw, uniq_roxanne
Shoals:4: shoals_end_simple, shoal_ilsuiw
Snake:1:  grunt_ministairs_7, uniq_kirke
Snake:2:  basic_stair_grate_trap, uniq_aizul
Snake:3:  grunt_megastairs_5, basic_stair_grate_trap
Snake:4:  snake_pit, st_stairs_9, uniq_vashnia
Vaults:1: vaults_room_hallway, ontoclasm_vaults_eye, nicolae_vaults_asterisk,
          nicolae_vaults_know_your_exits, hangedman_vaults_corner,
          vaults_mumra_minichess_inversion, vaults_dpeg_encased_lava,
          ontoclasm_vaults_ligature, nicolae_vaults_asterisk, serial_shops, shop
Vaults:2: minmay_crypt_entry_skeletal_spiral, serial_ice_h,
          hangedman_vaults_stretched_pinwheel, kennysheep_vaults_gozag_temple,
          hangedman_vaults_restitches, grunt_vaults_funnel,
          nicolae_vaults_little_squares_5, ontoclasm_vaults_decontamination,
          hangedman_vaults_impose, vaults_room_fancy_cross,
          nicolae_vaults_shelves_hall, v_misc_11, v_misc_30, v_misc_5
Vaults:3: nicolae_vaults_stairing_the_circle, grunt_vaults_focal,
          ontoclasm_vaults_spin, hangedman_vaults_stretched_pinwheel,
          v_pattern_1, vaults_room_octagon, vaults_dpeg_ring, serial_shops, shop
Vaults:4: nicolae_vaults_little_squares_3, grunt_vaults_diagonal,
          ontoclasm_vaults_hangar, ontoclasm_vaults_misaligned,
          nicolae_vaults_what_the_h, vaults_room_ringed_pool, v_rooms_5,
          nicolae_vaults_shelves_hall, vaults_standard_mumra_lines,
          vaults_dpeg_hooks, serial_ice_h, serial_shops, nicolae_shop_trees,
          uniq_frederick, uniq_boris
Lab:      labyrinth_spiral, nicolae_lab_checkerboard, nicolae_lab_t_cross,
          lab_hedge
Ossuary:  ossuary_minmay_scorpions
Bailey:   bailey_axe_1, bailey

Action                   |  1- 3 |  4- 6 |  7- 9 | 10-12 | 13-15 | 16-18 | 19-21 | 22-24 || total
-------------------------+-------+-------+-------+-------+-------+-------+-------+-------++-------
Melee: War axe           |   122 |   107 |   425 |   246 |       |       |       |       ||   900
       Whip              |       |    56 |    88 |       |       |       |       |       ||   144
       Long sword        |       |       |       |   142 |       |       |       |       ||   142
       Dire flail        |       |       |       |   470 |  1474 |  2007 |  2388 |   234 ||  6573
       Battleaxe         |       |       |       |       |     3 |       |       |       ||     3
       Triple sword      |       |       |       |       |       |       |    16 |       ||    16
Throw: Javelin           |       |       |       |     9 |       |     2 |       |       ||    11
       Tomahawk          |       |       |       |     3 |     1 |       |       |       ||     4
Invok: Heroism           |       |       |       |     6 |    13 |     9 |     9 |       ||    37
 Abil: Dig               |       |       |     1 |     3 |     8 |       |       |       ||    12
Evoke: Wand              |       |       |       |       |     1 |       |     2 |       ||     3
  Use: Potion            |       |       |    16 |     4 |     1 |     6 |     5 |       ||    32
       Scroll            |       |       |       |    12 |     4 |     3 |     4 |       ||    23
 Stab: Invisible         |       |       |     2 |     3 |       |       |     4 |       ||     9
  Eat: Chunk             |     1 |     5 |     8 |    19 |    24 |    34 |    37 |     1 ||   129
       Fruit             |       |       |     3 |     1 |     2 |     7 |       |       ||    13
       Meat ration       |       |       |     1 |     1 |     2 |       |     2 |       ||     6
       Pizza             |       |       |       |       |       |     3 |       |       ||     3
       Bread ration      |       |       |       |       |       |     1 |     1 |       ||     2
       Beef jerky        |       |       |       |       |       |       |     4 |       ||     4
